 Dungeon Crawl Stone Soup version 0.22-a0-750-ga7dcef7 (webtiles) character file.

365 digijack the Stinger (level 6, 0/36 HPs)
             Began as an Octopode Venom Mage on July 15, 2018.
             Was a Follower of Sif Muna.
             Succumbed to a worker ant's poison
             ... on level 4 of the Dungeon.
             The game lasted 00:28:46 (4703 turns).

digijack the Stinger (Octopode Venom Mage)          Turns: 4703, Time: 00:28:47

Health: 0/36       AC:  1    Str: 12    XL:     6   Next: 68%
Magic:  4/10       EV: 14    Int: 20    God:    Sif Muna [*.....]
Gold:   162        SH:  0    Dex: 12    Spells: 7/11 levels left

rFire    . . .     SeeInvis .   g - +3 quarterstaff (chaos)
rCold    . . .     Gourm    .   (shield currently unavailable)
rNeg     . . .     Faith    .   (helmet restricted)
rPois    .         Spirit   .   (no amulet)
rElec    .         Reflect  .   (no ring)
rCorr    .         Harm     .   (no ring)
MR       .....                  (no ring)
Stlth    ++++......             (no ring)
HPRegen  0.12/turn              (no ring)
MPRegen  0.12/turn              (no ring)
                                (no ring)
                                (no ring)

@: mighty, lethally poisoned (0 -> -10)
A: almost no armour, stealthy swim, amphibious, 8 rings, constrict 8, camouflage
1, gelatinous body 1
a: Divine Energy, Renounce Religion


You were on level 4 of the Dungeon.
You worshipped Sif Muna.
Sif Muna was aware of your devotion.
You were hungry.

You visited 1 branch of the dungeon, and saw 4 of its levels.

You collected 162 gold pieces.

Inventory:

Hand Weapons
 g - a +3 quarterstaff of chaos (weapon)
Missiles
 a - 125 stones (quivered)
Scrolls
 d - 2 scrolls of remove curse
 h - a scroll of amnesia
Comestibles
 b - 7 rations
 f - a chunk of flesh


   Skills:
 + Level 3.3 Dodging
 + Level 4.7 Stealth
 + Level 3.2 Spellcasting
 + Level 2.8 Conjurations
 * Level 5.5 Poison Magic


You had 7 spell levels left.
You knew the following spells:

 Your Spells              Type           Power        Failure   Level  Hunger
a - Sting                 Conj/Pois      ###.         2%          1    None
b - Mephitic Cloud        Conj/Pois/Air  ##......     13%         3    ###....

Your spell library contained the following spells:

 Spells                   Type           Power        Failure   Level  Hunger
 Venom Bolt               Conj/Pois      ###.......   56%         5    ######.
 Olgreb's Toxic Radiance  Pois           ####....     14%         4    ####...
 Poisonous Vapours        Pois/Air       ##....       7%          2    ##.....


Dungeon Overview and Level Annotations

Branches:
Dungeon (4/15)
 Temple: D:4-7

Altars:
Sif Muna


Innate Abilities, Weirdness & Mutations

You cannot wear most types of armour.
You are very stealthy in the water. (Stealth+)
You are amphibious.
You can wear up to eight rings at the same time.
You can use your tentacles to constrict eight enemies at once.
Your skin changes colour to match your surroundings (Stealth+).
Your rubbery body absorbs attacks. (AC +1, EV +1)


Message History

Casting: Sting (safe; 2% risk of failure)
Confirm with . or Enter, or press ? or * to list all spells.
Aiming: Sting (safe; 2% risk of failure)
Press: ? - help, Shift-Dir - straight line, f - scorpion
Aim: a scorpion The sting hits the scorpion.
The scorpion is poisoned.
The scorpion is moderately wounded.
* * * LOW HITPOINT WARNING * * *
You feel sick. The scorpion stings you.
* * * LOW HITPOINT WARNING * * *
Casting: Sting (safe; 2% risk of failure)
Confirm with . or Enter, or press ? or * to list all spells.
Aiming: Sting (safe; 2% risk of failure)
Press: ? - help, Shift-Dir - straight line, f/p - scorpion
Aim: a scorpion (heavily wounded, poisoned)
The sting misses the scorpion.
The sting misses the phantom.
The sting hits the goblin.
The goblin is poisoned.
You kill the goblin!
Sif Muna accepts your kill.
You die... ##.g..g.g.....# #....####...### #g#### .gg #g# .gg

#.#
#)#
#W#
#s#
#@#
#.#
#.#
#.#
#..
###


You could see a phantom, a scorpion and 2 goblins.

Vanquished Creatures
  An ogre (D:4)
  Crazy Yiuf (D:3)
  An orc priest (D:4)
  Jessica (D:3)
  Terence (D:2)
  A worker ant (D:4)
  3 adders
  An ooze (D:2)
  4 worms (D:2)
  2 dart slugs
  2 leopard geckos
  4 orcs
  6 bats
  3 giant cockroaches
  4 goblins
  5 hobgoblins
  12 jackals
  2 quokkas
  A ball python (D:2)
  7 frilled lizards
  12 kobolds
  8 rats
82 creatures vanquished.

Vanquished Creatures (others)
  A black bear (D:4)
  A plant (D:3)
2 creatures vanquished.

Grand Total: 84 creatures vanquished

Notes
Turn   | Place    | Note
-------+----------+-------------------------------------------
     0 | D:1      | digijack the Octopode Venom Mage began the quest for the Orb.
     0 | D:1      | Reached XP level 1. HP: 11/11 MP: 3/3
    62 | D:1      | Noticed an electric eel
   536 | D:1      | Reached XP level 2. HP: 17/17 MP: 1/5
  1153 | D:2      | Reached XP level 3. HP: 21/21 MP: 0/6
  1280 | D:2      | Reached skill level 4 in Poison Magic
  1294 | D:2      | Learned a level 3 spell: Mephitic Cloud
  1800 | D:2      | Found a deep blue altar of Sif Muna.
  1819 | D:2      | Became a worshipper of Sif Muna the Loreminder
  1876 | D:2      | Reached XP level 4. HP: 27/27 MP: 0/7
  2358 | D:3      | Noticed Terence
  2637 | D:1      | HP: 1/27 [Terence/falchion (9)]
  2700 | D:2      | Killed Terence
  3141 | D:3      | Noticed Jessica
  3150 | D:3      | Killed Jessica
  3150 | D:3      | Reached XP level 5. HP: 28/31 MP: 0/9
  3937 | D:3      | Found a runed door.
  3941 | D:3      | Noticed Crazy Yiuf
  3958 | D:3      | Killed Crazy Yiuf
  4116 | D:4      | Noticed an ogre
  4127 | D:4      | Killed an ogre
  4127 | D:4      | Reached skill level 5 in Poison Magic
  4127 | D:4      | Reached XP level 6. HP: 36/36 MP: 0/10
  4642 | D:4      | Reached * piety under Sif Muna
  4649 | D:4      | Noticed a black bear
  4674 | D:4      | Killed a black bear
  4675 | D:4      | Noticed a phantom
  4702 | D:4      | HP: 1/36 [scorpion (6)]
  4703 | D:4      | Succumbed to a worker ant's poison

Vault maps used:
D:1:      arrival_aquarium_a
D:2:      lemuel_doored_altar, serial_glass, glass_columns_a, glass_columns_c,
          minivault_26
D:3:      st_stairs_10, lexackson_kobold_supper, uniq_jessica, uniq_terence,
          uniq_crazy_yiuf_cottage
D:4:      uniq_robin

Skill      XL: |  1  2  3  4  5 |
---------------+----------------+-----
Stealth        | 3 4 |  4.7
Poison Magic   | 4 5 |  5.5
Conjurations   | 2 |  2.8
Dodging        | 3 |  3.3
Spellcasting   | 3 |  3.2

Action                   |  1- 3 |  4- 6 || total
-------------------------+-------+-------++-------
Melee: Unarmed           |    27 |    27 ||    54
       Constrict         |    10 |    16 ||    26
       Dagger            |     1 |       ||     1
       Tentacles         |     3 |     6 ||     9
       Quarterstaff      |       |    15 ||    15
Throw: Stone             |       |    48 ||    48
 Cast: Sting             |    78 |   109 ||   187
       Mephitic Cloud    |     1 |    10 ||    11
  Use: Potion            |     4 |     5 ||     9
       Scroll            |     1 |     7 ||     8
 Stab: Confused          |       |     1 ||     1
       Paralysed         |       |     1 ||     1
  Eat: Chunk             |     4 |     6 ||    10
       Ration            |       |     1 ||     1
Armor: Skin              |     3 |     1 ||     4
Dodge: Dodged            |    29 |    65 ||    94

Table legend:
 A = Spawn XP
 B = Non-spawn XP
 C = Spawn XP percentage of total XP
 D = Spawn monster count
 E = Non-spawn monster count
 F = Spawn count percentage of total count
 G = Total turns spent on level
                    A         B        C        D         E        F      G
               +---------+---------+-------+---------+---------+-------+---------
         Total |       0 |     522 |   0.0 |       0 |      83 |   0.0 |  4703
               +---------+---------+-------+---------+---------+-------+---------
           D:1 |       0 |      21 |   0.0 |       0 |      13 |   0.0 |  1023
           D:2 |       0 |     119 |   0.0 |       0 |      32 |   0.0 |  1914
           D:3 |       0 |     137 |   0.0 |       0 |      23 |   0.0 |  1175
           D:4 |       0 |     245 |   0.0 |       0 |      15 |   0.0 |   591
               +---------+---------+-------+---------+---------+-------+---------
